 Dungeon Crawl Stone Soup version 0.21-a0-221-gfe971b9 (webtiles) character file.

89555 motkurip the Grappler (level 15, 0/158 HPs)
             Began as a Troll Monk on Aug 26, 2017.
             Was an Elder of Ru.
             Succumbed to Aizul's bolt of poison
             ... on level 1 of the Snake Pit.
             The game lasted 01:05:16 (23578 turns).

motkurip the Grappler (Troll Monk)                 Turns: 23578, Time: 01:05:17

Health: 0/158      AC:  9    Str: 28    XL:     15   Next: 49%
Magic:  14/14      EV: 12    Int:  6    God:    Ru [****..]
Gold:   2253       SH: 24    Dex: 12    Spells: 13/14 levels left

rFire    + . .     SeeInvis +     - Unarmed
rCold    + + .     Gourm    +   U - +4 large shield
rNeg     . . .     Faith    .   G - +2 robe {rC+}
rPois    .         Spirit   .   E - +2 hat {SInv}
rElec    .         Reflect  .   (no cloak)
rCorr    .         Harm     .   (gloves unavailable)
MR       +....     Clarity  +   (boots unavailable)
Stlth    +.........             (no amulet)
HPRegen  0.76/turn              q - ring of protection from fire
MPRegen  0.14/turn              F - ring of protection from cold

@: lethally poisoned (0 -> -26), exhausted, no potions, very slightly
contaminated, drained
A: unfitting armour, claws 3, blink, clarity, fast metabolism 3, gourmand,
regeneration 1, shaggy fur 1, tough skin 2, inability to drink while threatened,
hated by all, no conjurations magic, no poison magic, no transmutations magic
a: Blink, Sacrifice Words, Sacrifice Experience, Sacrifice Nimbleness, Reject
Sacrifices, Draw Out Power, Power Leap, Renounce Religion


You were on level 1 of the Snake Pit.
You worshipped Ru.
Ru was greatly pleased with you.
You were not hungry.

You visited 4 branches of the dungeon, and saw 24 of its levels.
You also visited: Sewer and Ice Cave.

You collected 2426 gold pieces.
You spent 173 gold pieces at shops.

Inventory:

Armour
 E - a +2 hat of see invisible (worn)
 G - a +2 robe of cold resistance (worn)
 U - a +4 large shield (worn)
Jewellery
 k - an uncursed ring of see invisible
 n - an uncursed amulet of regeneration {unknown}
 q - a ring of protection from fire (left claw)
 F - a ring of protection from cold (right claw)
 J - an uncursed ring of resist corrosion
 L - an uncursed ring of ice
 X - an uncursed ring of flight
 Y - an uncursed ring of positive energy
Wands
 y - a wand of digging (16/24)
 A - a wand of paralysis (7/24)
 P - a wand of digging (12/24)
 T - a wand of confusion (37/48)
Scrolls
 c - 4 scrolls of teleportation
 e - 2 scrolls of fog
 g - 2 scrolls of magic mapping
 h - a scroll of recharging
 l - 2 scrolls of enchant weapon {unknown}
 m - 4 scrolls of amnesia
 o - 8 scrolls of remove curse
 v - a scroll of blinking
 K - a scroll of fear {unknown}
 O - 5 scrolls of identify
 Q - a scroll of torment {unknown}
 R - a scroll of silence
 W - a scroll of acquirement {unknown}
Potions
 a - 2 potions of cancellation
 d - 2 potions of invisibility
 f - 6 potions of agility
 j - 2 potions of brilliance
 p - 5 potions of flight
 r - 11 potions of curing {unknown}
 u - 10 potions of lignification {unknown}
 z - 4 potions of mutation
 B - 2 potions of berserk rage {unknown}
 D - 3 potions of heal wounds
 H - 2 potions of resistance {unknown}
 I - 3 potions of ambrosia {unknown}
 S - 3 potions of haste {unknown}
 Z - 3 potions of might {unknown}
Comestibles
 b - 11 bread rations
 C - 9 meat rations


   Skills:
 - Level 12.7(12.2) Fighting
 - Level 5.7(5.3) Armour
 - Level 6.4(6.0) Dodging
 - Level 1.0(0.7) Stealth
 * Level 13.1(12.6) Shields
 - Level 14.9(14.4) Unarmed Combat


You had 13 spell levels left.
You knew the following spells:

 Your Spells              Type           Power        Failure   Level  Hunger
a - Magic Dart            Conj           #...         63%         1    ##.....


Dungeon Overview and Level Annotations

Branches:
Dungeon (15/15)            Temple (0/1) D:7            Lair (6/6) D:10
 Shoals (0/4) Lair:3        Snake (1/4) Lair:4        Slime (0/5) Lair:5
    Orc (2/2) D:9             Elf (0/3) Orc:2        Vaults (0/5) D:14
 Depths (0/5) D:15

Altars:
Cheibriados
Dithmenos
Elyvilon
Gozag
Kikubaaqudgha
Nemelex Xobeh
Okawaru
Qazlal
Ru
Sif Muna
Uskayaw
Vehumet
Xom
Zin
The Shining One
Beogh
Jiyva

Shops:
D:15 }   Orc:2 :}*?

Annotations:
Lair:1 1 exclusion
Snake:1 Aizul


Innate Abilities, Weirdness & Mutations

You are too large for most types of armour.
You have claws for hands.
Your metabolism is lightning-fast.
You like to eat raw meat.
Your natural rate of healing is unusually fast.
You are covered in fur. (AC +1)
You have very tough skin. (AC +2)
You cannot drink potions while threatened.
You are hated by all.
You cannot study or cast Conjurations magic.
You cannot study or cast Poison magic.
You cannot study or cast Transmutations magic.
You can translocate small distances at will.
You possess an exceptional clarity of mind.


Message History

You feel strangely unstable.
* * * LOW HITPOINT WARNING * * *
You feel very sick.
Aizul says, "Sweet dreams!"
Unknown command.
You cannot drink potions in your current state!
Okay, then.
* * * LOW HITPOINT WARNING * * *
You feel very sick.
Blink to where?
Press: ? - help, Dir - move target cursor
As you read the scroll of blinking, it crumbles to dust.
* * * LOW HITPOINT WARNING * * *
You feel very sick.
Your surroundings suddenly seem different.
* * * LOW HITPOINT WARNING * * *
You feel very sick.
Okay, then.
You cannot drink potions in your current state!
You die...

##..## ###..######
### #..(....... ....
#.......... .....
#..........
.....#####.#S.######
#........#..#
#........#..#
#....@...#..#
#..#####.#..# #.
#.#.ยง######
#.........#
###..####.# #..# #.#
#..####.#####
#............
#............


There were no monsters in sight!

Vanquished Creatures
  Gastronok (Orc:1)
  Frances (D:13)
  Louise (D:14)
  A stone giant (Orc:2)
  2 dire elephants
  Azrael (D:12)
  2 ettins
  Harold (D:12)
  4 hydras
  A centaur warrior (D:14)
  Erolcha (D:9)
  A catoblepas (Lair:6)
  A deep troll shaman (Lair:6)
  8 two-headed ogres
  4 death yaks (Lair:6)
  A queen ant (Lair:3)
  8 orc high priests (Orc:2)
  Urug (Lair:5)
  4 skeletal warriors (D:12)
  A wizard (D:14)
  3 orc knights
  2 deep elf magi (D:14)
  2 wolf spider zombies
  A necromancer (IceCv)
  An ugly thing (D:11)
  4 cyclopes
  A manticore (D:15)
  An orc sorcerer (Orc:1)
  Joseph (D:9)
  4 black mambas
  3 centaur zombies
  A guardian serpent (Lair:4)
  14 elephants (Lair:6)
  The ghost of Nico3ck the Changer, a novice CeTm of Wu Jian (D:6)
  An ice statue (IceCv)
  7 spiny frogs
  10 freezing wraiths (IceCv)
  8 komodo dragons
  3 polar bears
  2 trolls
  3 meliai (D:15)
  8 blink frogs
  A wolf spider simulacrum (IceCv)
  5 slime creatures (D:14)
  10 hippogriffs
  A snapping turtle (Lair:3)
  A meliai zombie (D:15)
  44 yaks
  5 hogs
  2 humans (D:9)
  4 wyverns
  4 basilisks
  6 fire elementals (D:12)
  A death yak simulacrum (IceCv)
  2 steam dragons
  A hungry ghost (D:11)
  8 vampire mosquitoes (D:12)
  2 insubstantial wisps (D:10)
  7 wargs
  2 hell hounds (D:12)
  9 soldier ants
  A swamp drake (D:9)
  5 water moccasins
  6 porcupines
  An eye of draining (D:14)
  A hornet zombie (D:14)
  27 orc warriors
  4 sky beasts (D:10)
  8 ice beasts
  5 black bears
  A necrophage (D:13)
  3 phantoms
  18 ogres
  9 centaurs
  15 wolves
  11 crocodiles
  5 big kobolds
  10 bullfrogs
  The ghost of motkurip the Ducker, an amateur FeCK of Xom (D:4)
  A gnoll sergeant (D:7)
  A wyvern zombie (D:15)
  A water moccasin zombie (D:12)
  2 scorpions
  An elephant simulacrum (IceCv)
  4 killer bees
  18 wights
  An electric eel (Lair:4)
  8 howler monkeys
  A crimson imp (D:6)
  3 draconian simulacra (IceCv)
  A quasit (D:12)
  6 jellies
  4 bullfrog skeletons
  7 hounds
  18 orc wizards
  47 orc priests
  A gnoll shaman (D:5)
  6 centaur skeletons
  4 iguanas
  4 troll simulacra (IceCv)
  2 spriggan simulacra (IceCv)
  34 worker ants
  A wolf simulacrum (IceCv)
  A centaur simulacrum (IceCv)
  2 hound skeletons
  13 gnolls
  16 adders
  7 naga simulacra (IceCv)
  3 ogre simulacra (IceCv)
  2 river rats (Sewer)
  2 shadow imps
  11 white imps (IceCv)
  6 oozes
  An adder skeleton (D:4)
  An adder zombie (D:8)
  5 worms
  7 leopard geckos
  94 orcs
  3 ball pythons
  5 giant cockroaches
  3 hobgoblins
  22 jackals
  2 quokkas
  10 bats
  5 frilled lizards
  8 goblins
  32 kobolds
  A quokka skeleton (D:5)
  9 rats
819 creatures vanquished.

Vanquished Creatures (others)
  2 hydras
  A spiny frog (Lair:4)
  A troll (D:15)
  A hog (D:12)
  An orc warrior (Orc:2)
  A white imp (IceCv)
  A leopard gecko (D:9)
  3 orcs
  A jackal (D:7)
  4 fungi
  8 plants
24 creatures vanquished.

Grand Total: 843 creatures vanquished

Notes
Turn   | Place    | Note
-------+----------+-------------------------------------------
     0 | D:1      | motkurip the Troll Monk began the quest for the Orb.
     0 | D:1      | Reached XP level 1. HP: 22/22 MP: 0/0
   156 | D:1      | Reached XP level 2. HP: 29/29 MP: 1/1
   476 | D:1      | Reached skill level 4 in Unarmed Combat
   759 | D:2      | Reached XP level 3. HP: 33/36 MP: 2/2
   955 | D:2      | Found an ancient bone altar of Kikubaaqudgha.
  1106 | D:2      | Found a radiant altar of Vehumet.
  1107 | D:2      | Found a deep blue altar of Sif Muna.
  1112 | D:2      | Identified Vehumet's Catalogue of Conjuration
  1164 | D:2      | Learned a level 1 spell: Magic Dart
  1230 | D:2      | Reached XP level 4. HP: 41/44 MP: 3/3
  1982 | D:3      | Reached skill level 5 in Unarmed Combat
  2199 | D:3      | Found a stormy altar of Qazlal.
  2503 | D:4      | Reached XP level 5. HP: 46/53 MP: 4/4
  2608 | D:4      | Noticed an ogre
  2633 | D:4      | Killed an ogre
  2798 | D:4      | Noticed motkurip's ghost (amateur FeCK)
  2806 | D:4      | Killed motkurip's ghost
  2806 | D:4      | Reached skill level 6 in Unarmed Combat
  2806 | D:4      | Reached XP level 6. HP: 62/62 MP: 5/5
  2889 | D:4      | Noticed an orc warrior
  2946 | D:4      | Killed an orc warrior
  3017 | D:4      | Found a sacrificial altar of Ru.
  3026 | D:4      | Reached XP level 7. HP: 66/71 MP: 6/6
  3043 | D:4      | Became a worshipper of Ru the Awakened
  3059 | D:4      | Gained mutation: You cannot study or cast Poison magic. [Ru sacrifice]
  3059 | D:4      | Gained mutation: You cannot study or cast Transmutations magic. [Ru sacrifice]
  3059 | D:4      | Gained mutation: You cannot study or cast Conjurations magic. [Ru sacrifice]
  3059 | D:4      | Reached * piety under Ru
  3333 | D:5      | Entered Level 5 of the Dungeon
  3362 | D:5      | Reached skill level 7 in Unarmed Combat
  3486 | D:5      | Found an opulent altar of Gozag.
  3498 | D:5      | Reached skill level 5 in Fighting
  3758 | D:5      | Found a glowing golden altar of the Shining One.
  3758 | D:5      | Found a hide-covered altar of Uskayaw.
  3855 | D:6      | Noticed Nico3ck's ghost (novice CeTm)
  3866 | D:6      | Killed Nico3ck's ghost
  3866 | D:6      | Reached XP level 8. HP: 53/83 MP: 7/7
  3896 | D:6      | Reached skill level 8 in Unarmed Combat
  3995 | D:6      | Found a glowing drain.
  4001 | Sewer    | Entered a sewer
  4133 | Sewer    | Found a white marble altar of Elyvilon.
  4322 | D:6      | Found a shadowy altar of Dithmenos.
  4483 | D:6      | Gained mutation: You cannot drink potions while threatened. [Ru sacrifice]
  4483 | D:6      | Reached ** piety under Ru
  4898 | D:7      | Found a snail-covered altar of Cheibriados.
  4947 | D:7      | Reached skill level 9 in Unarmed Combat
  4951 | D:7      | Found a staircase to the Ecumenical Temple.
  4990 | D:7      | Reached XP level 9. HP: 65/93 MP: 8/8
  5354 | D:7      | Reached skill level 10 in Unarmed Combat
  5777 | D:8      | Noticed a two-headed ogre
  5801 | D:8      | Killed a two-headed ogre
  5852 | D:8      | Reached XP level 10. HP: 85/106 MP: 9/9
  6136 | D:8      | Reached skill level 1 in Armour
  6160 | D:8      | Reached skill level 11 in Unarmed Combat
  6682 | D:9      | Noticed a two-headed ogre
  6692 | D:9      | Killed a two-headed ogre
  6808 | D:9      | Noticed a two-headed ogre
  6816 | D:9      | Killed a two-headed ogre
  6973 | D:9      | Noticed Erolcha
  6982 | D:9      | Killed Erolcha
  6985 | D:9      | Noticed Joseph
  6993 | D:9      | Killed Joseph
  7029 | D:9      | Reached XP level 11. HP: 117/117 MP: 10/10
  7170 | D:9      | Found an iron altar of Okawaru.
  7354 | D:9      | Reached skill level 10 in Fighting
  7362 | D:9      | Gained mutation: You are hated by all. [Ru sacrifice]
  7362 | D:9      | Reached *** piety under Ru
  7362 | D:9      | Reached **** piety under Ru
  7381 | D:9      | Found a staircase to the Orcish Mines.
  7779 | D:10     | Entered Level 10 of the Dungeon
  7850 | D:10     | Reached skill level 12 in Unarmed Combat
  7928 | D:10     | Found a staircase to the Lair.
  7986 | D:10     | Reached skill level 5 in Armour
  8589 | Orc:1    | Entered Level 1 of the Orcish Mines
  8645 | Orc:2    | Entered Level 2 of the Orcish Mines
  8718 | Orc:1    | Noticed an ettin
  8719 | Orc:1    | Found a roughly hewn altar of Beogh.
  8720 | Orc:1    | Noticed an orc sorcerer
  8815 | Lair:1   | Entered Level 1 of the Lair of Beasts
  9089 | Lair:1   | Noticed a five-headed hydra
  9463 | Lair:1   | Got a fine dire flail
  9466 | Lair:1   | Identified the +6 dire flail of Proximity {crush, rElec MR+} (You found it on level 1 of the Lair of Beasts)
  9693 | Lair:2   | Noticed a four-headed hydra
  9987 | Lair:2   | Reached XP level 12. HP: 83/128 MP: 11/11
 10142 | Lair:2   | Reached skill level 13 in Unarmed Combat
 10976 | Lair:3   | Noticed a queen ant
 10997 | Lair:3   | Reached skill level 5 in Dodging
 11016 | Lair:3   | Killed a queen ant
 11541 | Lair:3   | Found a staircase to the Shoals.
 12336 | Lair:4   | Noticed a seven-headed hydra
 12383 | Lair:4   | Found a staircase to the Snake Pit.
 12743 | Lair:5   | Found a staircase to the Slime Pits.
 12743 | Lair:5   | Found a viscous altar of Jiyva.
 12881 | Lair:5   | Noticed a six-headed hydra
 12883 | Lair:5   | Noticed an ettin
 12883 | Lair:5   | a six-headed hydra changed into an ettin
 12891 | Lair:5   | Killed an ettin
 12913 | Lair:5   | Reached skill level 14 in Unarmed Combat
 13040 | Lair:5   | Reached XP level 13. HP: 119/139 MP: 12/12
 13067 | Lair:5   | Reached skill level 1 in Shields
 13153 | Lair:5   | Noticed Urug
 13165 | Lair:5   | Killed Urug
 13569 | Lair:6   | Entered Level 6 of the Lair of Beasts
 13723 | D:11     | Identified the Handbook of Nocuous Dark Rites
 14003 | D:11     | Found a deep blue altar of Sif Muna.
 14218 | D:12     | Noticed Kirke
 14787 | Orc:2    | Reached skill level 5 in Shields
 14907 | Orc:2    | Noticed a stone giant
 15117 | Orc:1    | Noticed Gastronok
 15174 | Orc:1    | Killed Gastronok
 15630 | Orc:2    | Killed a stone giant
 15841 | Orc:2    | Found a roughly hewn altar of Beogh.
 16216 | Orc:2    | Found Wufadil's Magic Scroll Shoppe.
 16216 | Orc:2    | Found Podiyst's Assorted Antiques.
 16258 | Orc:2    | Bought a scroll of enchant armour for 75 gold pieces
 16258 | Orc:2    | Bought a scroll of enchant armour for 75 gold pieces
 16271 | Orc:2    | Bought a bubbling coppery potion for 23 gold pieces
 16343 | Orc:2    | Found Teil's Gadget Shoppe.
 16343 | Orc:2    | Found Jeiribak's Book Shop.
 16467 | Orc:2    | Found a staircase to the Elven Halls.
 16822 | Orc:2    | Killed an ettin
 17420 | D:11     | Gained mutation: You possess an exceptional clarity of mind. [mutagenic meat]
 17421 | D:11     | Gained mutation: You can translocate small distances at will. [mutagenic meat]
 17654 | D:12     | Reached XP level 14. HP: 144/148 MP: 13/13
 17684 | D:12     | Noticed Harold
 17700 | D:12     | Killed Harold
 17894 | D:12     | Noticed Azrael
 17917 | D:12     | Killed Azrael
 18053 | D:12     | Noticed Kirke
 18053 | D:12     | Kirke changed into Kirke the hog
 18056 | D:12     | Reached skill level 10 in Shields
 18059 | D:12     | Killed Kirke the hog
 18248 | D:12     | Found a white marble altar of Elyvilon.
 18792 | D:13     | Noticed Frances
 18814 | D:13     | Killed Frances
 19393 | D:14     | Found a frozen archway.
 19408 | IceCv    | Entered an ice cave
 19789 | IceCv    | Found an ancient bone altar of Kikubaaqudgha.
 20946 | D:14     | Found a gate to the Vaults.
 20964 | D:14     | Noticed Louise
 20984 | D:14     | Killed Louise
 21032 | D:14     | Found a sparkling altar of Nemelex Xobeh.
 21034 | D:14     | Found a radiant altar of Vehumet.
 21034 | D:14     | Found a deep blue altar of Sif Muna.
 21038 | D:14     | Found a glowing silver altar of Zin.
 21038 | D:14     | Found a shimmering altar of Xom.
 21038 | D:14     | Found a shadowy altar of Dithmenos.
 21170 | D:15     | Entered Level 15 of the Dungeon
 21520 | D:15     | Reached XP level 15. HP: 103/158 MP: 14/14
 21690 | D:15     | Found Foulank's Quality Used Wands.
 21881 | D:15     | Found a staircase to the Depths.
 23503 | Snake:1  | Entered Level 1 of the Snake Pit
 23548 | Snake:1  | Noticed Aizul
 23576 | Snake:1  | HP: 6/158 [poisoned by Aizul (bolt of poison)]
 23578 | Snake:1  | Succumbed to Aizul's bolt of poison

Vault maps used:
D:1:      lightli_arrival_boilingwater, minmay_misc_feat_iff, bh_walls_and_bars
D:2:      grunt_temple_overflow_magic_moments
D:3:      grunt_qazlal_sundering, serial_glass, glass_columns_a,
          glass_columns_b, glass_columns_a, glass_columns_a, glass_columns_b,
          glass_columns_a, glass_columns_b, glass_columns_b, glass_columns_c,
          glass_columns_b, glass_columns_c, glass_columns_c, glass_columns_c,
          glass_columns_a, first_bread, kennysheep_generic_room_8
D:4:      nicolae_ru_awakened_eye, minmay_tree_intersection
D:5:      kennysheep_little_box, gammafunk_temple_overflow_wave,
          serial_park_tiny_2, glass_columns_c
D:6:      gup_sewer_entry_bubbles, grunt_dithmenos_smoke
D:7:      cheibriados_altar_1, minmay_temple_entry_junction
D:8:      hangedman_little_slice_of_home
D:9:      okawaru_humans, erik_orc_1, uniq_joseph, uniq_erolcha
D:10:     lair_entry_dummy, hangedman_misty_isle
D:11:     lemuel_blue_sif_altar
D:12:     basic_altar, serial_bayou_pond_c, uniq_harold, uniq_azrael, uniq_kirke
D:13:     uniq_frances
D:14:     david_vaults_1, portal_ice_cave_entry_pillars_2,
          minmay_staircase_bubble, minmay_misc_feat_encased,
          doesnt_xom_only_xom, uniq_louise
D:15:     hangedman_depths_entry_try_elsewhere_first, nicolae_for_you_no_charge
Lair:2:   lemuel_fruit_tree
Lair:3:   minmay_shoals_entry_hut, minivault_27, zaba_antful_of_joy
Lair:4:   minmay_snake_entry_spellcaster, serial_bayou_shore_a,
          grunt_megastairs_5, infiniplex_staircase_pool, lemuel_fruit_fields
Lair:5:   slime_altar_1, uniq_urug
Lair:6:   grunt_lair_end_beastmaster
Snake:1:  uniq_aizul
Orc:1:    nicolae_orc_accident_1, mines1_david, uniq_gastronok
Orc:2:    st_orc_town
Sewer:    sewer_kobolds
IceCv:    ice_cave_small_necro

Skill      XL: |  1  2  3  4  5  6  7  8  9 10 11 12 13 14 15 |
---------------+----------------------------------------------+-----
Unarmed Combat | 4 5 6 7 9 10 11 12 14 | 14.9
Fighting       | 3 4 5 7 8 9 10 11 12 | 12.7
Armour         | 4 5 |  5.7
Dodging        | 3 6 |  6.4
Shields        | 9 11 13 | 13.1
Stealth        | |  1.0

Action                   |  1- 3 |  4- 6 |  7- 9 | 10-12 | 13-15 || total
-------------------------+-------+-------+-------+-------+-------++-------
Melee: Unarmed           |    95 |   157 |   296 |   719 |  1372 ||  2639
       Punch             |     2 |     3 |    12 |    53 |     7 ||    77
Invok: Sacrifice Arcana  |       |       |     1 |       |       ||     1
       Sacrifice Drink   |       |       |     1 |       |       ||     1
       Power Leap        |       |       |       |     4 |    14 ||    18
       Sacrifice Love    |       |       |       |     1 |       ||     1
       Draw Out Power    |       |       |       |       |     5 ||     5
 Abil: Blink             |       |       |       |       |     1 ||     1
Evoke: Wand              |       |     1 |     2 |    10 |    27 ||    40
  Use: Scroll            |       |     4 |     6 |     2 |    23 ||    35
       Potion            |       |       |       |     1 |     4 ||     5
 Stab: Sleeping          |     2 |     1 |     4 |     5 |       ||    12
       Confused          |       |     1 |       |     1 |       ||     2
       Distracted        |       |       |     2 |     2 |     5 ||     9
       Invisible         |       |       |       |    12 |    15 ||    27
       Paralysed         |       |       |       |       |     3 ||     3
       Petrified         |       |       |       |       |     9 ||     9
       Petrifying        |       |       |       |       |     2 ||     2
  Eat: Chunk             |    14 |    17 |    29 |    51 |    79 ||   190
       Meat ration       |       |       |       |     1 |       ||     1
       Fruit             |       |       |       |       |    11 ||    11
       Royal jelly       |       |       |       |       |     7 ||     7
Armor: Robe              |    29 |    65 |    42 |    56 |   107 ||   299
       Animal skin       |       |       |       |    52 |    41 ||    93
Dodge: Dodged            |    40 |    74 |   127 |   274 |   386 ||   901
Block: Shield            |       |       |       |       |   396 ||   396
       Large shield      |       |       |       |       |   304 ||   304

Table legend:
 A = Spawn XP
 B = Non-spawn XP
 C = Spawn XP percentage of total XP
 D = Spawn monster count
 E = Non-spawn monster count
 F = Spawn count percentage of total count
 G = Total turns spent on level
                    A         B        C        D         E        F      G
               +---------+---------+-------+---------+---------+-------+---------
         Total |   10855 |  117081 |   8.5 |      66 |     759 |   8.0 | 23578
               +---------+---------+-------+---------+---------+-------+---------
           D:1 |       5 |      30 |  14.3 |       4 |      19 |  17.4 |   753
           D:2 |       3 |      65 |   4.4 |       2 |      16 |  11.1 |  1188
           D:3 |       2 |      87 |   2.2 |       1 |      23 |   4.2 |   551
           D:4 |       0 |     671 |   0.0 |       0 |      19 |   0.0 |   841
           D:5 |       0 |     322 |   0.0 |       0 |      13 |   0.0 |   464
           D:6 |       0 |     943 |   0.0 |       0 |      22 |   0.0 |   874
           D:7 |     621 |    1559 |  28.5 |      13 |      37 |  26.0 |   811
           D:8 |       0 |    2528 |   0.0 |       0 |      44 |   0.0 |   892
           D:9 |     145 |    5412 |   2.6 |       1 |      49 |   2.0 |  1421
          D:10 |    1077 |    3867 |  21.8 |       6 |      21 |  22.2 |   940
          D:11 |     177 |    4144 |   4.1 |       1 |      25 |   3.8 |   846
          D:12 |    4030 |    5565 |  42.0 |       9 |      27 |  25.0 |   975
          D:13 |      88 |    6744 |   1.3 |       1 |      17 |   5.6 |   934
          D:14 |     122 |   12729 |   0.9 |       1 |      50 |   2.0 |   823
          D:15 |      81 |    4222 |   1.9 |       1 |      11 |   8.3 |   781
        Lair:1 |       0 |    3547 |   0.0 |       0 |      16 |   0.0 |  1005
        Lair:2 |       0 |    4240 |   0.0 |       0 |      22 |   0.0 |   794
        Lair:3 |     418 |    7049 |   5.6 |       1 |      47 |   2.1 |  1357
        Lair:4 |     636 |    3994 |  13.7 |       2 |      19 |   9.5 |  1137
        Lair:5 |       0 |    4299 |   0.0 |       0 |      13 |   0.0 |   842
        Lair:6 |    2654 |   18292 |  12.7 |       7 |      48 |  12.7 |  1149
         Orc:1 |       4 |    6590 |   0.1 |       2 |      55 |   3.5 |  1200
         Orc:2 |     792 |   13563 |   5.5 |      14 |      81 |  14.7 |  1850
         Sewer |       0 |     138 |   0.0 |       0 |      11 |   0.0 |   178
         IceCv |       0 |    6481 |   0.0 |       0 |      54 |   0.0 |   897
               +---------+---------+-------+---------+---------+-------+---------
